 Dungeon Crawl Stone Soup version 0.31.0-9-g3a7656b989 (webtiles) character file.

Game seed: 5572478171706037773

11 qw the Shooter (level 2, -2/16 HPs)
             Began as a Deep Elf Hunter on Feb 2, 2024.
             Succumbed to their own poison gas
             ... on level 1 of the Dungeon.
             The game lasted 00:00:01 (572 turns).

qw the Shooter (Deep Elf Hunter)                     Turns: 572, Time: 00:00:02

Health: -2/16      AC:  3    Str:  8    XL:     2   Next: 13%
Magic:  4/4        EV: 12    Int: 13    God:
Gold:   23         SH:  0    Dex: 18    Spells: 1/1 levels left

rFire   . . .        a - +0 shortbow
rCold   . . .        (shield currently unavailable)
rNeg    . . .        c - +0 leather armour
rPois   .            (no helmet)
rElec   .            (no cloak)
rCorr   .            (no gloves)
SInv    .            (no boots)
Will    .....        (no amulet)
Stlth   ++           (no ring)
HPRegen 0.22/turn    (no ring)
MPRegen 0.09/turn

%: no passive effects
@: lethally poisoned (-2 -> -13)
A: no striking features
a: no special abilities


You were on level 1 of the Dungeon.
You visited 1 branch of the dungeon, and saw 1 of its levels.

You collected 23 gold pieces.


   Skills:
 - Level 1.5 Fighting
 + Level 6.0 Ranged Weapons
 - Level 2.4 Dodging
 - Level 1.2 Stealth


You had one spell level left.
You didn't know any spells.
Your spell library was empty.

Inventory:

Hand Weapons
 a - a +0 shortbow (weapon)
Armour
 c - a +0 leather armour (worn)
Jewellery
 e - a ring of ice
 i - a ring of fire

Dungeon Overview and Level Annotations

Branches:
Dungeon (1/15)

Altars:


Message History

A profound silence engulfs you.
It was a scroll of silence.
You start waiting.
Your hearing returns.
The glass eye pulsates ominously.
Done waiting.
Done exploring.
565 ||| READING scroll labelled MAS BUYKLEJIWN.
As you read the scroll labelled MAS BUYKLEJIWN, it crumbles to dust.
You feel strangely unstable.
It was a scroll of teleportation.
You start waiting.
Your surroundings suddenly seem different.
Done exploring.
568 ||| READING scroll labelled PEAMYN SOGIFUN.
The air fills with toxic fumes!
As you read the scroll labelled PEAMYN SOGIFUN, it crumbles to dust.
It was a scroll of poison.
Done exploring.
569 ||| DROPPING scroll of butterflies.
You drop a scroll of butterflies.
Done exploring.
What level of the Dungeon? (default 1, ? - help) Sorry, I don't know how to get there.
Enter note:
Enter note:
Enter note:
Enter note:
Enter note:
Enter note:
Enter note:
Enter note:
Enter note:
Enter note:
Enter note:
Enter note: You are engulfed in poison gas.
You are lethally poisoned!
You feel very sick.
571 ||| Stepping ~*~*~tactically~*~*~ (cloud).
You feel very sick.
There is a lethal amount of poison in your body!
You die...

#.#G#...#G#.## #.# #....
#.###...###.# #.# #....
#...........# #.#####.^..
##.##.#..#########..........
#..#..............#####....
##)################ #####
#..##
##..######################
##...#.#@#.#.#.#.#.#.#.#.
#..#.#.#ยค#.#.#.#.#.#.#.#
##..###?###.###.###.###.
#.#.#.#.#.#.#.#.#.#.#.#
#..#%#.#.#.#.#.#.#.#.#.
####################### ###
#############
##.####.#.....##.#.


There were no monsters in sight!

Vanquished Creatures
  3 ball pythons (D:1)
  2 endoplasms (D:1)
  2 giant cockroaches (D:1)
  A kobold (D:1)
  A rat (D:1)
9 creatures vanquished.

Notes
Turn   | Place    | Note
-------+----------+-------------------------------------------
     0 | D:1      | qw the Deep Elf Hunter began the quest for the Orb.
     0 | D:1      | Reached XP level 1. HP: 12/12 MP: 3/3
     0 | D:1      | 0 ||| qw: Version: 0.3-a-155-g5e7d8dd
     0 | D:1      | 0 ||| qw: Game counter: 2133
     0 | D:1      | 0 ||| qw: Melee chars always use a shield: true
     0 | D:1      | 0 ||| qw: God list: Okawaru
     0 | D:1      | 0 ||| qw: Allow faded altars: false
     0 | D:1      | 0 ||| qw: Do Orc after clearing Dungeon:15 true
     0 | D:1      | 0 ||| qw: Do second Lair branch before Depths: true
     0 | D:1      | 0 ||| qw: Lair rune preference: random
     0 | D:1      | 0 ||| qw: Goals: Normal
     0 | D:1      | 0 ||| PLANNING D:1-11
   168 | D:1      | Reached XP level 2. HP: 16/16 MP: 4/4
   187 | D:1      | Noticed a glass eye
   189 | D:1      | Found a faded altar of an unknown god.
   191 | D:1      | Noticed a glass eye
   191 | D:1      | Noticed a shining eye
   191 | D:1      | Noticed a golden eye
   259 | D:1      | Reached skill level 6 in Ranged Weapons
   463 | D:1      | 463 ||| READING scroll labelled VYUWEO EWIUHYL.
   463 | D:1      | 463 ||| ENCHANTING +0 shortbow.
   464 | D:1      | 464 ||| READING scroll labelled HOZUZX LUEZOGOXT.
   565 | D:1      | 565 ||| READING scroll labelled MAS BUYKLEJIWN.
   568 | D:1      | 568 ||| READING scroll labelled PEAMYN SOGIFUN.
   569 | D:1      | 569 ||| DROPPING scroll of butterflies.
   570 | D:1      | HP: 4/16 [poisoned by you (poison gas)]
   571 | D:1      | 571 ||| Stepping ~*~*~tactically~*~*~ (cloud).
   571 | D:1      | HP: 1/16 [poisoned by you (poison gas)]
   572 | D:1      | Succumbed to their own poison gas

Levels and vault maps discovered:
D:1:      enne_arrival_octagon_isle, layout_rooms,
          hellmonk_ecumenical_altar_watching_god, roderic_roman_lattice

Skill      XL: |  1  2 |
---------------+-------+-----
Ranged Weapons | 6 |  6.0
Fighting       | |  1.5
Dodging        | |  2.4
Stealth        | |  1.2

Action                     || total
---------------------------++-------
   Fire: Shortbow          ||    19
    Use: Scroll            ||     4

Table legend:
 A = Non-vault XP
 B = Vault XP
 C = Vault XP percentage of total XP
 D = Non-vault monster count
 E = Vault monster count
 F = Vault count percentage of total count
                 A         B        C        D         E       F
            +---------+---------+-------+---------+---------+-------
      Total |      16 |       0 |   0.0 |       9 |       0 |   0.0
            +---------+---------+-------+---------+---------+-------
        D:1 |      16 |       0 |   0.0 |       9 |       0 |   0.0
            +---------+---------+-------+---------+---------+-------
